 Dungeon Crawl Stone Soup version 0.26-b1-32-g5d43845318 (webtiles) character file.

Game seed: 15873847437944997391

29106 Arthanis the Scorcher (level 13, -7/66 HPs)
             Began as a Deep Elf Fire Elementalist on Jan 13, 2021.
             Was a High Priest of Vehumet.
             Mangled by a white ugly thing (15 damage)
             ... on level 14 of the Dungeon.
             The game lasted 00:42:31 (21981 turns).

Arthanis the Scorcher (Deep Elf Fire Elementalist) Turns: 21981, Time: 00:42:32

Health: -7/66      AC:  5    Str:  5    XL:     13   Next: 13%
Magic:  1/32       EV: 18    Int: 35    God:    Vehumet [*****.]
Gold:   1036       SH:  6    Dex: 23    Spells: 8/39 levels left

rFire    + + .     SeeInvis .   P - +6 long sword "Demon's Funeral" {freeze, *Noise Will+ Int+3 Dex+5}
rCold    . . .     Faith    .   h - +0 buckler
rNeg     . . .     Spirit   .   u - +2 robe {rC+ rF+}
rPois    .         Reflect  .   z - +0 helmet
rElec    .         Harm     .   (no cloak)
rCorr    .         Rampage  .   (no gloves)
Will     ++...                  (no boots)
Stlth    +++.......             (no amulet)
HPRegen  0.21/turn              k - ring of fire
MPRegen  0.23/turn              I - ring of Teusarr {Int+6 Dex+3}

@: no status effects
A: no striking features
a: Renounce Religion


You were on level 14 of the Dungeon.
You worshipped Vehumet.
Vehumet was extremely pleased with you.
You visited 2 branches of the dungeon, and saw 15 of its levels.
You also visited: Ossuary and Bailey.

You collected 1036 gold pieces.

Inventory:

Hand Weapons
 g - a +2 flail of protection
 x - a +0 trident
 y - a +1 vorpal spear
 M - a +1 scythe of freezing
 O - a cursed +3 long sword of freezing
 P - the +6 long sword "Demon's Funeral" (weapon) {freeze, *Noise Will+ Int+3 Dex+5}
   (You took it off an orc on level 8 of the Dungeon)

   It has been specially enchanted to freeze those struck by it, causing extra
   injury to most foes and up to half again as much damage against particularly
   susceptible opponents.
   It can also slow down cold-blooded creatures.
   It affects your intelligence (+3).
   It affects your dexterity (+5).
   It affects your willpower, your defense against some magical effects.
   It may make noises in combat.
 V - a +4 spear of venom
 W - the +5 mace "Ontybe" {vorpal, rElec}
   (You found it on level 9 of the Dungeon)

   It inflicts extra damage upon your enemies.
   It insulates you from electricity.
Armour
 a - a +1 robe
 h - a +0 buckler (worn)
 u - a +2 robe of resistance (worn)
 z - a +0 helmet (worn)
Magical Staves
 f - an uncursed staff of cold
 B - an uncursed staff of air
Jewellery
 k - a ring of fire (left hand)
 n - an uncursed ring of ice
 q - an uncursed ring of ice
 v - an uncursed ring of wizardry
 C - an uncursed ring of willpower
 I - the ring of Teusarr (right hand) {Int+6 Dex+3}
   (You found it on level 12 of the Dungeon)

   [ring of intelligence]

   It affects your intelligence (+6).
   It affects your dexterity (+3).
 L - a +4 ring of protection
 R - an uncursed ring of stealth
 U - an uncursed ring of fire
 Z - a +4 ring of evasion {unknown}
Wands
 b - a wand of digging (5)
 l - a wand of flame (18)
 J - a wand of polymorph (6)
 N - a wand of disintegration (14)
 T - a wand of acid (15)
Scrolls
 c - 5 scrolls of enchant armour
 i - 11 scrolls of remove curse
 j - 3 scrolls of amnesia
 m - a scroll of fear
 r - a scroll of holy word {unknown}
 t - 2 scrolls of blinking
 w - a scroll of magic mapping
 D - 5 scrolls of immolation
 F - 7 scrolls of teleportation
 G - a scroll of brand weapon {unknown}
 Y - a scroll of enchant weapon
Potions
 d - 2 potions of brilliance
 e - 3 potions of might
 o - 6 potions of mutation
 p - 4 potions of curing
 s - 2 potions of berserk rage {unknown}
 A - a potion of cancellation {unknown}
 E - 3 potions of resistance {unknown}
 H - 5 potions of haste
 K - 3 potions of heal wounds {unknown}
 Q - 2 potions of invisibility {unknown}
 S - a potion of lignification {unknown}
Miscellaneous
 X - a tin of tremorstones (2/2)


   Skills:
 - Level 2.0 Fighting
 + Level 6.5 Dodging
 - Level 3.0 Stealth
 - Level 4.0 Shields
 + Level 13.5 Spellcasting
 + Level 11.4 Conjurations
 * Level 15.4 Fire Magic
 + Level 4.6 Evocations


You had 8 spell levels left.
You knew the following spells:

 Your Spells              Type           Power        Failure   Level
a - Foxfire               Conj/Fire      100%         0%          1
b - Conjure Flame         Conj/Fire      100%         0%          3
c - Sticky Flame          Conj/Fire      100%         1%          4
d - Fireball              Conj/Fire      54%          1%          5
e - Shock                 Conj/Air       100%         1%          1
f - Orb of Destruction    Conj           40%          3%          7
h - Bolt of Magma         Conj/Fire/Erth 46%          1%          5
i - Iskenderun's Battles  Conj           81%          1%          5

Your spell library contained the following spells:

 Spells                   Type           Power        Failure   Level
 Fulminant Prism          Conj/Hex       29%          1%          4
 Animate Skeleton         Necr           46%          1%          1
 Apportation              Tloc           46%          1%          1
 Corona                   Hex            25%          1%          1
 Summon Small Mammal      Summ           92%          1%          1
 Inner Flame              Hex/Fire       86%          1%          3
 Mephitic Cloud           Conj/Pois/Air  50%          1%          3
 Static Discharge         Conj/Air       59%          1%          3
 Stone Arrow              Conj/Erth      100%         1%          3
 Lightning Bolt           Conj/Air       29%          1%          5
 Poisonous Vapours        Pois/Air       46%          2%          2
 Swiftness                Air            23%          2%          2
 Airstrike                Air            11%          4%          4
 Iron Shot                Conj/Erth      29%          7%          6
 Freezing Cloud           Conj/Ice/Air   25%          16%         6
 Spellforged Servitor     Conj/Summ      29%          32%         7


Dungeon Overview and Level Annotations

Branches:
Dungeon (14/15)            Temple (1/1) D:6            Lair (0/6) D:10
    Orc (0/2) D:11         Vaults (0/5) D:13        Ossuary (visited)
 Bailey (visited)

Altars:
Ashenzari
Cheibriados
Dithmenos
Elyvilon
Fedhas
Gozag
Hepliaklqana
Kikubaaqudgha
Makhleb
Nemelex Xobeh
Okawaru
Qazlal
Ru
Sif Muna
Trog
Uskayaw
Vehumet
Wu Jian
Xom
Yredelemnul
Zin
The Shining One
Beogh

Shops:
D:11 }*

Portals:
Trove: D:13 (give +3 ice dragon scales)

Annotations:
D:4 3 runed translucent doors, emiel's ghost, amateur DsWn
D:14 Jorgrun


Message History

You hear a horrible gurgling sound!
You hear a bellow!
The bush is engulfed in blazing flames.
Casting: Fireball (safe; 1% risk of failure)
Confirm with . or Enter, or press ? or * to list all spells.
You don't have enough magic to cast that spell.
Unknown command.
Aiming: Corrosive Bolt
Press: ? - help, Shift-Dir - straight line, f - white ugly thing
Aim: a white ugly thing (severely wounded, 26% to evade)
The bolt of acid hits the white ugly thing!
The white ugly thing is splashed with acid.
The acid corrodes the white ugly thing!
The white ugly thing is almost dead.
The bush is engulfed in blazing flames.
You destroy the bush!
The white ugly thing bites you! The white ugly thing freezes you!!
* * * LOW HITPOINT WARNING * * *
You feel better.
A nearby plant withers and dies.
The white ugly thing bites you!
You die...

##############
###...........@#
...†..........u#
...............#
........†..§...#
..P.........§..#
..P..♣....u....#
..P...P...P....#
########
................
........
.....P.....P..#
. ....#..


You could see 2 ugly things.

Vanquished Creatures
  An ettin (D:12)
  2 vault guards (D:13)
  2 boulder beetles (D:12)
  Harold (D:10)
  4 centaur warriors
  2 two-headed ogres
  5 death yaks (D:10)
  An unseen horror (D:12)
  Pikel (D:4)
  An orc knight (Bailey)
  2 manticores
  2 ugly things (D:14)
  2 cyclopes
  Maurice (D:10)
  Joseph (D:7)
  2 gargoyles
  An efreet (D:13)
  2 polar bears (D:13)
  3 trolls
  Sigmund (D:6)
  A vampire (D:14)
  2 wraiths
  8 yaks (D:11)
  A wyvern (D:13)
  Menkaure (D:4)
  An acid dragon (D:12)
  A soldier ant (D:12)
  Duvessa (D:7)
  3 water moccasins
  9 orc warriors
  A swamp drake (D:11)
  An eye of draining (D:9)
  A black bear (D:8)
  2 sky beasts
  An ice beast (D:9)
  6 ogres
  4 necrophages
  8 centaurs
  2 big kobolds
  7 bullfrogs
  A gnoll sergeant (D:9)
  A wyvern zombie (D:10)
  A wyvern skeleton (D:11)
  Dowan (D:7)
  7 scorpions
  3 killer bees (D:7)
  28 wights
  3 electric eels (D:12)
  A jelly (D:12)
  2 lava snakes (D:12)
  A howler monkey (D:4)
  4 centaur zombies
  A human zombie (Ossuary)
  2 quasits
  7 hounds
  2 centaur skeletons
  4 bullfrog skeletons
  5 bullfrog zombies
  12 orc priests
  16 orc wizards
  7 iguanas
  12 worker ants
  5 big kobold zombies (Ossuary)
  2 hound zombies
  2 human simulacra (D:10)
  5 mummies
  2 hound skeletons
  2 howler monkey zombies
  5 worker ant zombies
  Robin (D:4)
  14 adders
  6 gnolls
  4 scorpion zombies (Ossuary)
  A shadow imp (D:10)
  2 white imps (D:6)
  3 ufetubi
  2 oozes (D:4)
  3 adder skeletons
  A worm (shapeshifter) (D:13)
  2 dart slugs
  8 leopard geckos
  67 orcs
  5 bats
  7 giant cockroaches
  3 gnoll zombies (Ossuary)
  24 goblins
  11 hobgoblins
  16 jackals
  7 quokkas
  2 ball pythons
  A frilled lizard (D:1)
  2 goblin zombies (Ossuary)
  3 hobgoblin zombies (Ossuary)
  21 kobolds
  2 kobold zombies (Ossuary)
  A leopard gecko skeleton (D:5)
  An orc zombie (Ossuary)
  A quokka zombie (D:8)
  5 rats
  2 bushes (D:14)
470 creatures vanquished.

Vanquished Creatures (collateral kills)
  A foxfire (D:1)
1 creature vanquished.

Vanquished Creatures (others)
  A black bear (D:10)
  A scorpion (Ossuary)
  An orc (D:10)
  A hobgoblin zombie (Ossuary)
  A bush (D:14)
  2037 foxfires
  59 plants
  2 withered plants (D:10)
2103 creatures vanquished.

Grand Total: 2574 creatures vanquished

Notes
Turn   | Place    | Note
-------+----------+-------------------------------------------
     0 | D:1      | Arthanis the Deep Elf Fire Elementalist began the quest for
                  | the Orb.
     0 | D:1      | Reached XP level 1. HP: 10/10 MP: 6/6
   116 | D:1      | Reached XP level 2. HP: 15/15 MP: 1/8
   672 | D:1      | Reached skill level 4 in Fire Magic
   917 | D:1      | Reached XP level 3. HP: 19/19 MP: 3/10
   921 | D:1      | Learned a level 3 spell: Conjure Flame
  1486 | D:2      | Reached XP level 4. HP: 15/24 MP: 7/12
  1499 | D:2      | Learned a level 4 spell: Sticky Flame
  1825 | D:2      | Reached skill level 5 in Fire Magic
  2023 | D:2      | Reached XP level 5. HP: 28/28 MP: 9/13
  2332 | D:2      | Found a white marble altar of Elyvilon.
  2681 | D:3      | Found a burning altar of Makhleb.
  3511 | D:3      | Found a shadowy altar of Dithmenos.
  3595 | D:3      | Learned a level 5 spell: Fireball
  3781 | D:4      | Reached XP level 6. HP: 32/32 MP: 11/15
  3962 | D:4      | Reached skill level 5 in Spellcasting
  4280 | D:4      | Noticed Pikel
  4380 | D:4      | Killed Pikel
  4381 | D:4      | Reached skill level 7 in Fire Magic
  4381 | D:4      | Reached XP level 7. HP: 10/36 MP: 2/18
  5058 | D:4      | Learned a level 1 spell: Shock
  5083 | D:4      | Noticed Menkaure
  5090 | D:4      | Killed Menkaure
  5091 | D:4      | Reached skill level 5 in Conjurations
  5356 | D:4      | Reached XP level 8. HP: 41/41 MP: 15/20
  5358 | D:4      | Reached skill level 8 in Fire Magic
  5405 | D:4      | Noticed Robin
  5409 | D:4      | Killed Robin
  5977 | D:4      | Found a runed translucent gate.
  5977 | D:4      | Found a runed translucent gate.
  5977 | D:4      | Found a runed translucent gate.
  5978 | D:4      | Noticed emiel's ghost (amateur DsWn)
  5980 | D:4      | Identified the +7 chain mail of the Past {+Inv rCorr
                  | Stlth-}
  5981 | D:4      | Found a roughly hewn altar of Beogh.
  5983 | D:4      | Identified the +11 spear of Poexaum {elec, Int+4}
  6106 | D:5      | Entered Level 5 of the Dungeon
  7069 | D:6      | Found a sacrificial altar of Ru.
  7091 | D:6      | Found a sand-covered staircase.
  7096 | Ossuary  | Entered an ossuary
  7332 | Ossuary  | Reached skill level 9 in Fire Magic
  8190 | D:6      | Reached XP level 9. HP: 45/45 MP: 15/23
  8856 | D:6      | Found a staircase to the Ecumenical Temple.
  8927 | Temple   | Entered the Ecumenical Temple
  9002 | Temple   | Became a worshipper of Vehumet
  9128 | D:6      | Noticed Sigmund
  9138 | D:6      | Killed Sigmund
  9139 | D:6      | Reached skill level 1 in Fighting
  9139 | D:6      | Reached skill level 10 in Fire Magic
  9286 | D:6      | Found a sacrificial altar of Ru.
  9745 | D:7      | Noticed Joseph
 10045 | D:7      | Killed Joseph
 10208 | D:7      | Reached * piety under Vehumet
 10208 | D:7      | Offered knowledge of Sandblast by Vehumet.
 10460 | D:7      | Noticed Dowan
 10463 | D:7      | Killed Dowan
 10541 | D:7      | Noticed Duvessa
 10545 | D:7      | Killed Duvessa
 10665 | D:7      | Found an ornate altar of the Wu Jian Council.
 10666 | D:7      | Found a snail-covered altar of Cheibriados.
 10804 | D:7      | Found an iron altar of Okawaru.
 10891 | D:8      | Reached skill level 11 in Fire Magic
 10961 | D:8      | Identified the +6 long sword "Demon's Funeral" {freeze,
                  | *Noise Will+ Int+3 Dex+5}
 11143 | D:8      | Reached XP level 10. HP: 53/53 MP: 9/25
 11349 | D:8      | Found a sparkling altar of Nemelex Xobeh.
 11350 | D:8      | Found an opulent altar of Gozag.
 11362 | D:8      | Offered knowledge of Freeze by Vehumet.
 11423 | D:8      | Reached ** piety under Vehumet
 11424 | D:8      | Reached skill level 1 in Shields
 12028 | D:8      | Reached skill level 10 in Spellcasting
 12307 | D:9      | Noticed a two-headed ogre
 12309 | D:9      | Killed a two-headed ogre
 12609 | D:9      | Got a fine mace
 12610 | D:9      | Identified the +5 mace "Ontybe" {vorpal, rElec} (You found
                  | it on level 9 of the Dungeon)
 12808 | D:9      | Learned a level 5 spell: Lightning Bolt
 12833 | D:9      | Reached skill level 1 in Evocations
 12838 | D:9      | Offered knowledge of Stone Arrow by Vehumet.
 12847 | D:9      | Learned a level 3 spell: Stone Arrow
 13360 | D:9      | Reached *** piety under Vehumet
 13589 | D:10     | Entered Level 10 of the Dungeon
 13592 | D:10     | Noticed Maurice
 13596 | D:10     | Killed Maurice
 13600 | D:10     | Noticed a gargoyle
 13775 | D:10     | Noticed a death yak
 13804 | D:10     | Noticed a death yak
 13811 | D:10     | Noticed a death yak
 13811 | D:10     | Noticed a death yak
 13812 | D:10     | Noticed a death yak
 13830 | D:10     | Found a flagged portal.
 13895 | D:10     | Killed a gargoyle
 13895 | D:10     | Offered knowledge of Ignite Poison by Vehumet.
 13896 | D:10     | Reached skill level 5 in Dodging
 14007 | Bailey   | Entered a bailey
 14306 | Bailey   | Noticed an orc knight
 14322 | Bailey   | Killed an orc knight
 14323 | Bailey   | Reached XP level 11. HP: 57/57 MP: 8/27
 14428 | Bailey   | Found a burning altar of Makhleb.
 14523 | D:10     | Found a staircase to the Lair.
 14793 | D:10     | Noticed Harold
 14798 | D:10     | Killed Harold
 14799 | D:10     | Reached skill level 12 in Fire Magic
 14992 | D:10     | Reached **** piety under Vehumet
 15262 | D:10     | Killed a death yak
 15268 | D:10     | Killed a death yak
 15319 | D:10     | Killed a death yak
 15341 | D:10     | Killed a death yak
 15341 | D:10     | Offered knowledge of Bolt of Magma by Vehumet.
 15348 | D:10     | Learned a level 5 spell: Bolt of Magma
 15682 | D:10     | Killed a death yak
 15692 | D:10     | Learned a level 5 spell: Iskenderun's Battlesphere
 15834 | D:10     | Learned a level 7 spell: Orb of Destruction
 15878 | D:11     | Found Ysmomas's Gadget Emporium.
 16319 | D:11     | Reached skill level 13 in Fire Magic
 16441 | D:11     | Found Hereydi's Island Escapes.
 16857 | D:11     | Found a shimmering altar of Xom.
 17335 | D:11     | Reached skill level 10 in Conjurations
 17335 | D:11     | Reached XP level 12. HP: 60/62 MP: 6/29
 17683 | D:11     | Reached ***** piety under Vehumet
 17683 | D:11     | Offered knowledge of Fulminant Prism by Vehumet.
 17687 | D:11     | Found a staircase to the Orcish Mines.
 18158 | D:12     | Noticed a boulder beetle
 18164 | D:12     | Killed a boulder beetle
 18537 | D:12     | Noticed an ettin
 18545 | D:12     | Killed an ettin
 18546 | D:12     | Reached skill level 14 in Fire Magic
 18578 | D:12     | Noticed a boulder beetle
 18602 | D:12     | Killed a boulder beetle
 18791 | D:12     | Got an ancient bronze ring
 18792 | D:12     | Identified the ring of Teusarr {Int+6 Dex+3} (You found it
                  | on level 12 of the Dungeon)
 20022 | D:13     | Found a sacrificial altar of Ru.
 20080 | D:13     | Found a bloodstained altar of Trog.
 20204 | D:13     | Noticed a centaur warrior
 20211 | D:13     | Killed a centaur warrior
 20222 | D:13     | Noticed a centaur warrior
 20429 | D:13     | Noticed a two-headed ogre
 20434 | D:13     | Killed a two-headed ogre
 20535 | D:13     | Killed a centaur warrior
 20803 | D:13     | Found a gate to the Vaults.
 20803 | D:13     | Noticed a vault guard
 20856 | D:13     | Killed a vault guard
 20857 | D:13     | Reached skill level 15 in Fire Magic
 21045 | D:13     | Noticed a vault guard
 21058 | D:13     | Killed a vault guard
 21074 | D:13     | Found a portal to a secret trove of treasure.
 21632 | D:14     | Noticed a two-headed ogre
 21758 | D:14     | Reached XP level 13. HP: 66/66 MP: 23/32
 21876 | D:14     | Noticed Jorgrun
 21980 | D:14     | HP: 1/66 [white ugly thing (19)]
 21981 | D:14     | Mangled by a white ugly thing

Illustrated notes

Levels and vault maps discovered:
D:1:      co_arrival_random_square_maze, layout_basic, minmay_shallow_snake_nest
D:2:      layout_loops_ring, elyvilon_altar_1
D:3:      layout_loops_ring, lemuel_doored_altar, lemuel_crystal_altar
D:4:      layout_basic, biasface_ghost_orc_armoury, kennysheep_big_empty_room,
          uniq_pikel, uniq_menkaure, uniq_robin
D:5:      layout_cave_pools
D:6:      layout_basic, marbit_many_paths, minmay_temple_entry_glassed_door,
          enter_ossuary_5, lemuel_statue_altar, uniq_sigmund
D:7:      layout_rooms, kennysheep_okawaru_gauntlet,
          gammafunk_temple_overflow_statue, kennysheep_generic_room_14,
          uniq_duvessa, uniq_joseph
D:8:      layout_cave_pools, grunt_temple_overflow_opulence
D:9:      layout_grid_maze, serial_glass, glass_columns_b, glass_columns_c
D:10:     layout_loops_ring, dpeg_lair_monsters, serial_undead, serial_undead_d,
          serial_undead_f, serial_undead_b, serial_undead_a, serial_undead_a,
          enter_bailey_8, bh_circular_ruins, uniq_maurice, uniq_harold
D:11:     layout_loops_corners, erik_orc_1, serial_shops, shop_statue,
          basic_altar, kennysheep_path_1, chequers_hall_statues_corner_a,
          nicolae_island_escapes
D:12:     nzn_winding_woodlands_cross [nzn_winding_woodlands_5x15_sidewinder,
          nzn_winding_woodlands_5x15_zeroes,
          nzn_winding_woodlands_5x15_river_crossing,
          nzn_winding_woodlands_5x15_crooked,
          nzn_winding_woodlands_15x15_eel_pit], layout_stronghold,
          kennysheep_diamond, nicolae_lava_and_water
D:13:     layout_big_octagon, david_vaults_5, serial_column_ruins,
          column_ruins_temple_circle, column_ruins_courtyard_long,
          column_ruins_grid_1, column_ruins_corridor_T, column_ruins_grid_4,
          column_ruins_grid_1, column_ruins_grid_4, column_ruins_open_large,
          enter_trove_5, trog_ov_bears_minmay
D:14:     layout_stronghold, kennysheep_boxes, uniq_jorgrun
Temple:   dshaligram_water_room_temple

Skill      XL: |  1  2  3  4  5  6  7  8  9 10 11 12 |
---------------+-------------------------------------+-----
Fire Magic     | 4 5 7 9 11 13 15 | 15.4
Conjurations   | 2 3 4 5 6 7 8 10 11 | 11.4
Spellcasting   | 4 6 8 9 10 11 13 | 13.5
Fighting       | 2 |  2.0
Dodging        | 4 5 6 |  6.5
Stealth        | 3 |  3.0
Shields        | 4 |  4.0
Evocations     | 2 4 |  4.6

Action                   |  1- 3 |  4- 6 |  7- 9 | 10-12 | 13-15 || total
-------------------------+-------+-------+-------+-------+-------++-------
Melee: Unarmed           |     1 |       |       |       |       ||     1
       Flail             |       |     1 |       |       |       ||     1
       Spear             |       |       |    28 |       |       ||    28
       Long sword        |       |       |       |    28 |       ||    28
 Cast: Foxfire           |    92 |   141 |   477 |   561 |    13 ||  1284
       Sticky Flame      |       |     8 |    16 |    26 |     3 ||    53
       Conjure Flame     |       |       |     5 |     2 |       ||     7
       Fireball          |       |       |    13 |    98 |    11 ||   122
       Shock             |       |       |     4 |    25 |       ||    29
       Lightning Bolt    |       |       |       |     6 |       ||     6
       Iskenderun's Batt |       |       |       |    14 |       ||    14
       Orb of Destructio |       |       |       |     6 |     1 ||     7
       Bolt of Magma     |       |       |       |     2 |       ||     2
Evoke: Wand              |       |       |       |       |     1 ||     1
  Use: Scroll            |       |     3 |     1 |    27 |     2 ||    33
       Potion            |       |       |       |     5 |     1 ||     6
 Stab: Sleeping          |       |       |       |     1 |       ||     1
Armor: Robe              |     1 |       |    16 |    29 |       ||    46
Dodge: Dodged            |     9 |    26 |    33 |    86 |     9 ||   163
Block: Buckler           |       |       |       |    22 |     5 ||    27
       Rpst.: Long sword |       |       |       |    20 |       ||    20
